 Dungeon Crawl Stone Soup version 0.20-a0-351-gc9b4002 (webtiles) character file.

35939 HAL9000 the Covert (level 13, -4/68 HPs)
             Began as a Vine Stalker Enchanter on Dec 26, 2016.
             Was a High Priest of Dithmenos.
             Slain by an elephant (12 damage)
             ... on level 6 of the Lair of Beasts.
             The game lasted 01:29:51 (20260 turns).

HAL9000 the Covert (Vine Stalker Enchanter)        Turns: 20260, Time: 01:29:51

Health: -4/68      AC: 10    Str: 13    XL:     13   Next: 87%
Magic:  0/20       EV: 20    Int: 16    God:    Dithmenos [*****.]
Gold:   896        SH:  6    Dex: 20    Spells: 9/20 levels left

rFire  + . .     SeeInvis .     W - +2 quick blade
rCold  + . .     Gourm    .     O - +2 robe {rC+ rF+}
rNeg   . . .     Faith    .     y - +0 buckler
rPois  .         Spirit   +     d - +0 helmet
rElec  .         Reflect  .     b - +1 cloak
rCorr  .         Harm     .     U - +0 pair of gloves
MR     +....                    H - +1 pair of boots
Stlth  ++++++++..               I - amulet of regeneration
                                q - +3 ring of dexterity
                                i - +3 ring of evasion

@: wreathed by umbra, drained
A: fangs 3, regeneration 2, magic shield, antimagic bite, no device heal 3, rot
immunity
a: Shadow Step, Shadow Form, Renounce Religion


You were on level 6 of the Lair of Beasts.
You worshipped Dithmenos.
Dithmenos was extremely pleased with you.
You were hungry.

You visited 4 branches of the dungeon, and saw 18 of its levels.

You collected 1052 gold pieces.
You spent 156 gold pieces at shops.

Inventory:

Hand Weapons
 j - a +2 dagger of protection
 W - a +2 quick blade (weapon)
Armour
 b - a +1 cloak (worn)
 d - a +0 helmet (worn)
 y - a +0 buckler (worn)
 H - a +1 pair of boots (worn)
 O - a +2 robe of resistance (worn)
 U - a +0 pair of gloves (worn)
Jewellery
 a - an uncursed ring of poison resistance
 i - a +3 ring of evasion (left hand)
 q - a +3 ring of dexterity (right hand)
 t - an uncursed ring of resist corrosion
 I - an amulet of regeneration (around neck)
Wands
 e - a wand of lightning (3/15)
 k - a wand of lightning (8/15)
 A - a wand of iceblast (7/15)
 M - a wand of confusion (37/48)
 T - a wand of lightning (0/15)
 X - a wand of disintegration (5/24)
 Y - a wand of slowing (22/48)
Scrolls
 h - 3 scrolls of remove curse
 m - 6 scrolls of amnesia
 n - 3 scrolls of fear
 B - 8 scrolls of teleportation
 E - 7 scrolls of enchant weapon
 F - 2 scrolls of recharging {unknown}
 G - 3 scrolls of blinking
 Q - 2 scrolls of random uselessness {unknown}
 R - 2 scrolls of magic mapping {unknown}
 V - 3 scrolls of enchant armour {unknown}
Potions
 g - 5 potions of ambrosia
 l - 3 potions of curing
 o - 3 potions of resistance
 p - 2 potions of brilliance
 r - a potion of berserk rage
 w - 2 potions of magic
 x - a potion of invisibility
 K - 2 potions of haste
 P - a potion of cancellation
 Z - a potion of cure mutation
Books
 f - a book of Battle

   Spells                             Type                      Level
   a - Infusion                       Charms                       1
   b - Shroud of Golubria             Charms/Translocation         2
   c - Song of Slaying                Charms                       2
   d - Spectral Weapon                Hexes/Charms                 3
   e - Regeneration                   Charms/Necromancy            3
Miscellaneous
 C - a phantom mirror
 D - a sack of spiders
Comestibles
 s - 8 slices of pizza
 u - 15 fruits
 v - 3 royal jellies
 z - 8 meat rations
 L - 6 beef jerkies
 N - 2 bread rations
 S - 2 chunks of flesh


   Skills:
 - Level 8.0(7.9) Fighting
 - Level 10.0(9.9) Short Blades
 - Level 6.7(6.6) Dodging
 - Level 12.2(12.0) Stealth
 - Level 5.0(4.9) Shields
 + Level 4.3(4.2) Spellcasting
 - Level 9.5(9.4) Hexes
 * Level 5.6(5.4) Charms
 + Level 3.8(3.7) Necromancy
 - Level 6.2(6.1) Evocations


You had 9 spell levels left.
You knew the following spells:

 Your Spells              Type           Power        Failure   Level  Hunger
a - Corona                Hex            ####...      1%          1    None
h - Shroud of Golubria    Chrm/Tloc      ##........   10%         2    ##.....
x - Confuse               Hex            ####....     1%          3    ###....
z - Ensorcelled Hibernat  Hex/Ice        ###...       4%          2    ##.....
R - Regeneration          Chrm/Necr      ###.......   10%         3    ###....


Dungeon Overview and Level Annotations

Branches:
Dungeon (10/15)            Temple (1/1) D:6            Lair (6/6) D:10
 Shoals (1/4) Lair:4       Spider (0/4) Lair:4        Slime (0/5) Lair:6
    Orc: D:9-12

Altars:
Ashenzari
Cheibriados
Dithmenos
Elyvilon
Fedhas
Gozag
Hepliaklqana
Kikubaaqudgha
Makhleb
Nemelex Xobeh
Okawaru
Qazlal
Ru
Sif Muna
Trog
Uskayaw
Vehumet
Xom
Yredelemnul
Zin
The Shining One
Jiyva

Shops:
D:4 *   D:6 ?


Innate Abilities, Weirdness & Mutations

You have razor-sharp teeth.
You heal very quickly.
When hurt, damage is shared between your health and your magic reserves.
Your bite disrupts and absorbs the magic of your enemies.
Potions cannot restore your health.
You are immune to rotting.


Message History

The dream sheep looks frightened!
The dream sheep panics and turns to flee.
The dream sheep looks frightened!
The dream sheep bleats in terror.
The dream sheep looks frightened!
The dream sheep bleats in terror.
The dream sheep looks frightened!
The dream sheep is struck with panic!
Your skin stops crawling.
Cornered, the rime drake turns to fight!
You feel yourself speed up.
The elephant seems to regain its courage.
Cornered, the dream sheep turns to fight!
The dream sheep shake their wool and sparkle.
You feel drowsy...
You fall asleep.
The dream sheep seems to regain its courage.
The dream sheep bites you!!
You wake up.
* * * LOW HITPOINT WARNING * * *
The elephant tramples you!
You die...

..............?.....#............
.P..#.#....#........###.#........
w....................##..#.......
........ ........................
.....P# #......# .........#.
.....# ##.#.P..# ##........#
.....######...#...#####.##......#
....#..#.†#†...Y..##P.P.##.>_.P..
.......†...Y.YkY@.†..............
...####.#.####P######.P.....P###.
.#.# ###.# ### #...##..## ## ####
### ##.###### ###


You could see an elephant, a rime drake and 3 dream sheep.

Vanquished Creatures
  Josephine (Lair:5)
  3 hydras
  7 death yaks
  Pikel (D:9)
  2 merfolk sirens (Lair:4)
  A water nymph (Shoals:1)
  11 elephants
  6 spiny frogs
  4 black mambas
  10 komodo dragons
  A polar bear (Lair:1)
  2 merfolk (Lair:4)
  A hornet (Lair:6)
  2 dream sheep (Lair:6)
  9 hippogriffs
  2 redbacks (Lair:4)
  Sigmund (D:6)
  5 wraiths (Lair:5)
  A human (D:7)
  25 yaks
  4 hogs (D:7)
  A hungry ghost (D:6)
  A wyvern (D:10)
  2 basilisks
  12 water moccasins
  6 porcupines
  2 sky beasts
  2 phantoms
  2 ice beasts
  A slave (D:9)
  A black bear (D:10)
  4 orc warriors
  A necrophage (D:10)
  21 wolves
  5 ogres
  A centaur (D:6)
  14 crocodiles
  18 bullfrogs
  The ghost of HAL9000 the Vexing, an amateur VSEn (D:3)
  A gnoll sergeant (D:8)
  A wyvern zombie (D:9)
  A wyvern skeleton (D:8)
  2 scorpions
  3 wights (D:8)
  4 howler monkeys
  An electric eel (Lair:3)
  5 crimson imps
  2 quasits
  3 hounds
  A bullfrog zombie (D:8)
  3 orc priests
  2 bullfrog skeletons (D:9)
  2 jellies (D:10)
  4 orc wizards
  Jessica (D:3)
  8 hell rats
  3 iguanas
  10 worker ants
  2 hound skeletons
  A howler monkey skeleton (D:4)
  7 gnolls (D:8)
  14 adders
  4 shadow imps
  2 oozes
  An adder zombie (D:6)
  An adder skeleton (D:7)
  3 worms
  A dart slug (D:1)
  7 leopard geckos
  30 orcs
  5 ball pythons
  7 bats
  11 giant cockroaches
  7 goblins
  6 hobgoblins
  15 jackals
  4 quokkas
  4 frilled lizards
  10 kobolds
  A leopard gecko skeleton (D:4)
  A quokka zombie (D:8)
  9 rats
  2 butterflies (Lair:5)
  3 fungi
409 creatures vanquished.

Vanquished Creatures (others)
  A slave (D:9)
  A hound (D:9)
  A jelly (D:9)
  A shadow imp (D:9)
  9 fungi
  11 plants
24 creatures vanquished.

Grand Total: 433 creatures vanquished

Notes
Turn   | Place    | Note
-------+----------+-------------------------------------------
     0 | D:1      | HAL9000 the Vine Stalker Enchanter began the quest for the Orb.
     0 | D:1      | Reached XP level 1. HP: 9/9 MP: 4/4
     4 | D:1      | Reached skill level 1 in Short Blades
   450 | D:1      | Reached XP level 2. HP: 13/13 MP: 6/6
   454 | D:1      | Learned a level 2 spell: Ensorcelled Hibernation
   818 | D:1      | Reached XP level 3. HP: 16/16 MP: 7/7
  2282 | D:2      | Learned a level 3 spell: Confuse
  2385 | D:2      | Found a basalt altar of Yredelemnul.
  2395 | D:2      | Gained mutation: Your natural rate of healing is unusually fast. [Vine Stalker growth]
  2395 | D:2      | Reached XP level 4. HP: 21/21 MP: 8/8
  3473 | D:2      | Reached XP level 5. HP: 24/24 MP: 6/9
  3726 | D:3      | Noticed an ogre
  3734 | D:3      | Killed an ogre
  3734 | D:3      | Reached skill level 5 in Hexes
  3734 | D:3      | Reached XP level 6. HP: 28/28 MP: 8/10
  3797 | D:3      | Noticed HAL9000's ghost (amateur VSEn)
  3813 | D:3      | Killed HAL9000's ghost
  3993 | D:3      | Noticed Jessica
  4008 | D:3      | Killed Jessica
  4152 | D:3      | Found a stormy altar of Qazlal.
  4666 | D:4      | Found a glowing golden altar of the Shining One.
  4853 | D:4      | Reached XP level 7. HP: 32/32 MP: 8/11
  4978 | D:4      | Found Casmumit's General Store.
  5014 | D:4      | Bought a scroll of blinking for 90 gold pieces
  5334 | D:4      | Reached skill level 5 in Short Blades
  5428 | D:5      | Entered Level 5 of the Dungeon
  5882 | D:5      | Reached skill level 1 in Shields
  5911 | D:5      | Gained mutation: You have razor-sharp teeth. [Vine Stalker growth]
  5911 | D:5      | Reached XP level 8. HP: 36/36 MP: 12/12
  6070 | D:6      | Noticed Sigmund
  6094 | D:6      | Killed Sigmund
  6242 | D:6      | Found a staircase to the Ecumenical Temple.
  6271 | D:6      | Found Norghed's Magic Scroll Shoppe.
  6331 | Temple   | Entered the Ecumenical Temple
  6573 | Temple   | Became a worshipper of Dithmenos the Shadowed
  6833 | D:6      | Bought a scroll of teleportation for 33 gold pieces
  6833 | D:6      | Bought a scroll of teleportation for 33 gold pieces
  7395 | D:6      | Found an opulent altar of Gozag.
  7602 | D:7      | Reached XP level 9. HP: 38/39 MP: 13/13
  8410 | D:8      | Reached * piety under Dithmenos
  8460 | D:8      | Reached skill level 5 in Shields
  8563 | D:8      | Reached skill level 4 in Stealth
  8850 | D:8      | Reached skill level 1 in Fighting
  9408 | D:8      | Reached XP level 10. HP: 38/46 MP: 5/14
  9653 | D:8      | Reached skill level 5 in Stealth
  9866 | D:9      | Reached ** piety under Dithmenos
  9874 | D:9      | Noticed Pikel
  9882 | D:9      | Killed Pikel
 10182 | D:9      | Reached skill level 6 in Stealth
 10850 | D:10     | Entered Level 10 of the Dungeon
 10973 | D:10     | Noticed a death yak
 10973 | D:10     | Noticed a death yak
 10977 | D:10     | Noticed a death yak
 10978 | D:10     | Noticed a death yak
 11475 | D:10     | Noticed a death yak
 11475 | D:10     | Noticed a death yak
 11476 | D:10     | Found a staircase to the Lair.
 11477 | D:10     | Noticed a death yak
 11477 | D:10     | Noticed a death yak
 11697 | D:10     | Reached skill level 7 in Stealth
 11822 | D:10     | Noticed a spiny frog
 12064 | D:10     | Killed a spiny frog
 12064 | D:10     | Reached skill level 10 in Short Blades
 12064 | D:10     | Reached XP level 11. HP: 53/54 MP: 11/15
 12099 | D:10     | Reached *** piety under Dithmenos
 12433 | Lair:1   | Entered Level 1 of the Lair of Beasts
 13367 | Lair:2   | Reached skill level 8 in Stealth
 13482 | Lair:2   | Reached skill level 1 in Evocations
 13703 | Lair:2   | Reached skill level 5 in Fighting
 14301 | Lair:3   | Noticed an eight-headed hydra
 14528 | Lair:3   | Reached skill level 9 in Stealth
 15068 | Lair:3   | Killed an eight-headed hydra
 15068 | Lair:3   | Gained mutation: You heal very quickly. [Vine Stalker growth]
 15068 | Lair:3   | Reached XP level 12. HP: 34/61 MP: 12/16
 15155 | Lair:3   | Reached skill level 10 in Stealth
 16193 | Lair:4   | Noticed a four-headed hydra
 16195 | Lair:4   | Killed a four-headed hydra
 16195 | Lair:4   | Reached skill level 5 in Dodging
 16229 | Lair:4   | Noticed a death yak
 16229 | Lair:4   | Noticed a death yak
 16233 | Lair:4   | Noticed a death yak
 16236 | Lair:4   | Noticed a death yak
 16433 | Lair:3   | Killed a death yak
 16582 | Lair:4   | Reached skill level 11 in Stealth
 16620 | Lair:4   | Found a staircase to the Shoals.
 16659 | Lair:4   | Reached skill level 5 in Evocations
 16673 | Shoals:1 | Entered Level 1 of the Shoals
 16703 | Lair:4   | Found a hole to the Spider Nest.
 16755 | Lair:4   | HP: 3/63 [poisoned by a redback]
 16760 | Lair:4   | HP: 2/63 [poisoned by a redback]
 16765 | Lair:4   | HP: 3/63 [poisoned by a redback]
 16997 | Lair:4   | Reached **** piety under Dithmenos
 17070 | Lair:4   | Reached XP level 13. HP: 51/67 MP: 7/18
 17210 | Lair:4   | Learned a level 2 spell: Shroud of Golubria
 17667 | Lair:4   | Reached skill level 12 in Stealth
 18333 | Lair:4   | Learned a level 3 spell: Regeneration
 18341 | Lair:4   | Identified a scroll of acquirement
 18445 | Lair:4   | Reached skill level 1 in Charms
 18530 | Lair:3   | Reached skill level 1 in Necromancy
 19277 | Lair:5   | Noticed Josephine
 19326 | Lair:5   | Killed Josephine
 19702 | Lair:6   | Entered Level 6 of the Lair of Beasts
 19984 | Lair:6   | Found a viscous altar of Jiyva.
 19985 | Lair:6   | Found a staircase to the Slime Pits.
 19998 | Lair:6   | Reached skill level 5 in Charms
 20123 | Lair:6   | Paralysed by a hornet for 1 turns
 20132 | Lair:6   | Paralysed by a hornet for 2 turns
 20240 | Lair:6   | Reached ***** piety under Dithmenos
 20260 | Lair:6   | Slain by an elephant

Vault maps used:
D:1:      scummos_arrival_simple_crosswalls
D:2:      first_bread, minmay_parallelograms, yredelemnul_altar_generic
D:3:      lemuel_tele_altar, uniq_jessica
D:4:      serial_shops, nicolae_shop_waterfront, minmay_ruined_shrine
D:6:      basic_altar, serial_shops, nicolae_shop_trees, uniq_sigmund
D:7:      grunt_livestock
D:9:      uniq_pikel
D:10:     dpeg_lair_monsters
Temple:   kilobyte_greek_temple
Lair:1:   serial_bayou_shore_b
Lair:2:   serial_forest, infiniplex_forest_clump_long,
          infiniplex_forest_clump_tiny, infiniplex_forest_lined_4_way,
          infiniplex_forest_end_2, infiniplex_forest_zigzag_1,
          infiniplex_forest_pool, lemuel_fruit_fields
Lair:3:   nicolae_lair_grove_arrangements, serial_bayou_lake_a,
          infiniplex_staircase_pool, grunt_megastairs_2
Lair:4:   beast_lair_carwin_large_4, elwin_shoals_entry_stream,
          spider_nest_entry_webs, lemuel_fruit_fields
Lair:5:   beast_lair_carwin_6, lemuel_fruit_fields, lemuel_fruit_fields,
          uniq_josephine
Lair:6:   gammafunk_lair_ancient_temple, slime_altar_1
Shoals:1: nicolae_shoals_square_sea_wall

Skill      XL: |  1  2  3  4  5  6  7  8  9 10 11 12 13 |
---------------+----------------------------------------+-----
Short Blades   | 1 2 3 4 5 6 8 10 | 10.0
Hexes          | 4 5 6 7 8 9 |  9.5
Shields        | 1 3 5 |  5.0
Stealth        | 4 7 9 11 12 | 12.2
Fighting       | 2 4 6 7 8 |  8.0
Dodging        | 4 6 |  6.7
Evocations     | 3 5 6 |  6.2
Charms         | 5 |  5.6
Necromancy     | 3 |  3.8
Spellcasting   | 4 |  4.3

Action                   |  1- 3 |  4- 6 |  7- 9 | 10-12 | 13-15 || total
-------------------------+-------+-------+-------+-------+-------++-------
Melee: Dagger            |   145 |   196 |   429 |   798 |   294 ||  1862
       Bite              |    34 |    53 |   132 |   281 |   347 ||   847
       Quick blade       |       |       |       |       |   537 ||   537
Throw: Throwing net      |       |       |       |     1 |       ||     1
 Cast: Ensorcelled Hiber |     8 |    18 |    34 |    83 |    24 ||   167
       Confuse           |       |     4 |    26 |   129 |    35 ||   194
       Corona            |       |       |       |     1 |     1 ||     2
       Shroud of Golubri |       |       |       |       |     8 ||     8
       Regeneration      |       |       |       |       |     3 ||     3
Invok: Shadow Step       |       |       |       |     2 |     3 ||     5
Evoke: Wand              |       |       |       |     9 |     1 ||    10
  Use: Scroll            |       |     1 |     2 |    17 |     6 ||    26
 Stab: Sleeping          |     9 |    20 |    33 |    63 |    25 ||   150
       Confused          |       |     2 |    16 |    50 |    12 ||    80
       Distracted        |       |       |     1 |     4 |     2 ||     7
       Held in net/web   |       |       |       |     1 |       ||     1
  Eat: Chunk             |     4 |    11 |    19 |    32 |    14 ||    80
       Fruit             |       |       |     1 |    12 |     3 ||    16
       Pizza             |       |       |       |     2 |       ||     2
Armor: Robe              |    37 |    37 |    72 |   117 |    73 ||   336
Dodge: Dodged            |   105 |   137 |   200 |   429 |   342 ||  1213
Block: Buckler           |     1 |       |    51 |   165 |   103 ||   320
